[Event "Belt Road Women 2019"]
[Site "Shaoxing"]
[Date "2019.07.17"]
[Round "9.15"]
[White "Hu, Yu A."]
[Black "Zhang, Yuxuan"]
[Result "0-1"]
[ECO "B80"]
[WhiteElo "2095"]
[BlackElo "1987"]
[Annotator "NA RC"]
[PlyCount "124"]
[EventDate "2019.07.08"]
[EventType "swiss"]
[EventCountry "CHN"]
[SourceTitle "playchess.com"]
[Source "ChessBase"]
[SourceQuality "1"]
[TimeControl "5400+30"]

1. e4 c5 2. Nf3 e6 3. d4 cxd4 4. Nxd4 Nc6 5. Nc3 a6 6. g3 d6 7. Bg2 Bd7 8. O-O Nf6 9. Nce2 Be7 {[%emt 0:04:22] B80: Sicilian Scheveningen: 6 g3 and 6 Be3, including English Attack} 10. c4 Ne5 $146 ({Predecessor:} 10... O-O 11. a4 Qa5 12. b3 Rfd8 13. Bd2 Qc5 14. Be3 Qa5 15. h3 Rac8 16. Qe1 Qxe1 17. Rfxe1 Nb4 18. Red1 g6 {½-½ (65) Svidler,P (2732)-Rublevsky,S (2676) Khanty-Mansiysk 2007}) 11. b3 $1 O-O 12. Bb2 Qb6 (12... b5 $11) 13. Qd2 Rfd8 14. Kh1 Ng6 15. f4 e5 16. Nf5 Bf8 17. fxe5 dxe5 18. Qg5 h6 19. Nxh6+ gxh6 20. Qxf6 Qxf6 21. Rxf6 Bg4 22. Ng1 Rd2 23. Bc3 Rc2 24. Ba5 Be7 25. Rff1 Bc5 26. Rfc1 Rf2 27. h3 Be6 28. Be1 Rb2 29. Bc3 Rf2 30. a4 Bd4 31. Bxd4 exd4 32. Rf1 Rc2 33. Nf3 Rd8 34. Rfd1 d3 35. Rd2 Rc3 36. Rb1 Ne7 37. Bf1 Nc6 38. Kg2 Na5 39. Ne1 Nxb3 40. Rxd3 Rdxd3 41. Bxd3 Nc5 42. Bc2 Bxc4 43. Kf2 b5 44. axb5 axb5 45. e5 Nd7 46. Be4 Nxe5 47. Nf3 Nxf3 48. Bxf3 Rb3 49. Rd1 b4 50. Rd8+ Kg7 51. Rb8 Rb2+ 52. Ke3 b3 53. Kd4 Be6 54. h4 f5 (54... Kf6 $17 55. Rb6 Ra2) 55. Ke5 Bc4 56. Bh5 Rd2 57. Rb7+ Kf8 58. Rb8+ Ke7 59. Re8+ Kd7 60. Rb8 b2 61. Bg6 $19 Rd5+ 62. Kf6 Bb5 0-1

[Event "Belt Road Women 2019"]
[Site "Shaoxing"]
[Date "2019.07.17"]
[Round "9.16"]
[White "Peng, Tianlu"]
[Black "Du, Yuxin"]
[Result "1/2-1/2"]
[ECO "A14"]
[WhiteElo "1901"]
[BlackElo "2015"]
[Annotator "NA RC"]
[PlyCount "89"]
[EventDate "2019.07.08"]
[EventType "swiss"]
[EventCountry "CHN"]
[SourceTitle "playchess.com"]
[Source "ChessBase"]
[SourceQuality "1"]
[TimeControl "5400+30"]

1. Nf3 Nf6 2. g3 e6 3. Bg2 d5 4. c4 (4. O-O Be7 5. d3 O-O 6. c4 c6 7. Nbd2 Nbd7 8. b3 b6 {½-½ (10) Espinosa Veloz,E (2544)-Miranda Mesa,E (2438) Santa Clara 2018}) 4... Nbd7 5. b3 c6 6. Bb2 Be7 7. O-O O-O 8. d3 b6 9. Nbd2 Bb7 10. Rc1 dxc4 {[%emt 0:08:47] A14: English Opening: 1...e6 with b3 by White} 11. bxc4 $146 ({Predecessor:} 11. Nxc4 c5 12. Rc2 Rc8 13. Qa1 Qc7 14. Nce5 Nxe5 15. Bxe5 Qd7 16. Nh4 Ne8 17. Nf3 Bf6 18. Rd2 Bxe5 19. Nxe5 {½-½ (43) Quass,M (1853)-Woellermann,L (1805) Verden 2013}) 11... c5 12. Qc2 Qc7 13. Rfe1 Rfd8 14. Qc3 Rac8 15. e4 Nb8 16. Ne5 Nc6 17. Nxc6 Bxc6 18. Nf3 Ne8 19. Qc2 Nf6 20. Ne5 Be8 21. Qc3 Bf8 22. Re3 Nd7 23. Ng4 h5 24. Ne5 Nxe5 25. Qxe5 Qxe5 26. Bxe5 g6 27. f4 Bg7 28. Bxg7 Kxg7 29. e5 Bc6 30. Bxc6 Rxc6 31. Kf2 Rc7 32. Ke2 Rd4 33. Kd2 Rcd7 34. Kc3 h4 35. a4 hxg3 36. hxg3 g5 37. Rf1 Kg6 38. Ref3 gxf4 39. gxf4 Kf5 40. Kc2 Rd8 41. Rh3 Rxf4 42. Rh5+ $11 Kg4 43. Rh4+ Kxh4 44. Rxf4+ Kg5 45. Rxf7 1/2-1/2